 Dungeon Crawl Stone Soup version 0.20-a0-463-g5747544 (webtiles) character file.

460887 Zwobot the Slayer (level 23, -3/206 HPs)
             Began as a Mummy Fighter on Jan 10, 2017.
             Was the Champion of Ashenzari.
             Killed from afar by a hell knight (46 damage)
             ... with a bolt of fire
             ... on level 5 of the Vaults.
             The game lasted 03:51:52 (63332 turns).

Zwobot the Slayer (Mummy Fighter)                  Turns: 63332, Time: 03:51:52

Health: -3/206     AC: 41    Str: 24    XL:     23   Next: 36%
Magic:  33/33      EV: 15    Int: 14    God:    Ashenzari [******]
Gold:   3920       SH: 15    Dex: 19    Spells: 0/36 levels left

rFire  x . .     SeeInvis +     a - +5 demon blade (elec) (curse)
rCold  + . .     Gourm    .     e - +8 orange crystal plate armour {Archmagi, Int+3 Clar} (curse)
rNeg   + + +     Faith    .     O - +0 shield {reflect} (curse)
rPois  ∞         Spirit   .     y - +2 hat {Int+3} (curse)
rElec  .         Reflect  +     v - +1 cloak (curse)
rCorr  .         Harm     .     l - +0 pair of gloves {Str+3} (curse)
MR     +++..     Clarity  +     m - +1 pair of boots (curse)
Stlth  ..........               Q - amulet of regeneration (curse)
                                P - ring of protection from magic (curse)
                                p - ring of flight

@: very slightly contaminated, repel missiles
A: no food or potions, fire vulnerability, cold resistance 1, negative energy
resistance 3, torment resistance, unbreathing, in touch with death 1
}: 2/15 runes: decaying, gossamer
a: Curse Item, Scrying, Transfer Knowledge, Renounce Religion, Evoke Flight


You were on level 5 of the Vaults.
You worshipped Ashenzari.
Ashenzari was exalted by your worship.
You were not hungry.

You visited 9 branches of the dungeon, and saw 43 of its levels.
You visited the Abyss 1 time.
You also visited: Ice Cave and Volcano.

You collected 5788 gold pieces.
You spent 1868 gold pieces at shops.

Inventory:

Hand Weapons
 a - a cursed +5 demon blade of electrocution (weapon)
 b - a +4 scimitar of flaming
 z - a +7 scimitar of freezing
Missiles
 t - 4 tomahawks of returning (quivered)
 W - 5 throwing nets
Armour
 e - the cursed +8 orange crystal plate armour (worn) {Archmagi, Int+3 Clar}
   (You took it off a deep elf high priest on level 3 of the Elven Halls)

   It affects your intelligence (+3).
   It protects you against confusion.
   It has a curse placed upon it.
 l - a cursed +0 pair of gloves of strength (worn)
 m - a cursed +1 pair of boots (worn)
 v - a cursed +1 cloak (worn)
 y - a cursed +2 hat of intelligence (worn)
 O - a cursed +0 shield of reflection (worn)
 U - a +3 plate armour of fire resistance
Jewellery
 p - a ring of flight (left hand)
 u - an uncursed ring of fire
 x - an uncursed ring of protection from cold
 B - the cursed ring of Roumaeh {*Drain rF+ rC+ rN+ Slay-2}
   (You found it on level 1 of the Swamp)

   [ring of slaying]

   It affects your accuracy and damage with ranged weapons and melee attacks
   (-2).
   It protects you from fire.
   It protects you from cold.
   It protects you from negative energy.
   It causes draining when unequipped.
   It has a curse placed upon it.
 I - an uncursed ring of fire
 P - a cursed ring of protection from magic (right hand)
 Q - a cursed amulet of regeneration (around neck)
Wands
 d - a wand of digging (10/24)
 f - a wand of enslavement (10/24)
 g - a wand of lightning (3/15)
 h - a wand of lightning (9/15)
 j - a wand of paralysis (11/24)
 q - a wand of confusion (17/48)
 w - a wand of clouds (0/9)
 A - a wand of disintegration (0/24)
 F - a wand of lightning (6/15)
 G - a wand of enslavement (15/24)
 M - a wand of acid (11/15)
 N - a wand of lightning (8/15)
Scrolls
 c - 5 scrolls of vulnerability
 i - 5 scrolls of immolation
 k - 7 scrolls of remove curse
 n - 3 scrolls of enchant armour
 o - 2 scrolls of fear
 r - a scroll of blinking
 s - 5 scrolls of fog
 C - 10 scrolls of identify
 D - 6 scrolls of magic mapping
 H - a scroll of torment
 J - 3 scrolls of brand weapon
 R - 12 scrolls of teleportation
 T - 6 scrolls of recharging
Miscellaneous
 E - a sack of spiders
 K - a phial of floods (inert)
 L - a fan of gales
 X - 2 boxes of beasts
 Y - 2 phantom mirrors
 Z - a lamp of fire


   Skills:
 - Level 23.1 Fighting
 - Level 13.3(17.4) Long Blades
 + Level 11.1(16.6) Armour
 - Level 15.9 Dodging
 - Level 12.5(15.2) Shields
 - Level 7.0 Spellcasting
 - Level 8.6(11.5) Hexes
 - Level 7.5(10.5) Charms
 - Level 5.6(8.7) Translocations
 * Level 2.8(5.3) Air Magic
 - Level 7.2(10.3) Evocations


You couldn't memorise any spells.
You knew the following spells:

 Your Spells              Type           Power        Failure   Level  Hunger
a - Blink                 Tloc           N/A          17%         2    N/A
b - Repel Missiles        Chrm/Air       #####.       21%         2    N/A
c - Spectral Weapon       Hex/Chrm       ######..     14%         3    N/A
d - Animate Skeleton      Necr           N/A          100%        1    N/A
e - Animate Dead          Necr           N/A          100%        4    N/A
f - Apportation           Tloc           #####.....   12%         1    N/A
g - Conjure Flame         Conj/Fire      #.......     100%        3    N/A
h - Control Undead        Necr           ##........   100%        4    N/A
i - Controlled Blink      Tloc           N/A          100%        8    N/A
j - Disjunction           Tloc           #####.....   100%        8    N/A

Dungeon Overview and Level Annotations

Branches:
Dungeon (15/15)            Temple (1/1) D:7            Lair (6/6) D:8
  Swamp (4/4) Lair:4       Spider (4/4) Lair:3        Slime (0/5) Lair:6
    Orc (2/2) D:10            Elf (3/3) Orc:2        Vaults (5/5) D:13
  Crypt (3/3) Vaults:3       Tomb (0/3) Crypt:3      Depths (0/5) D:15

Altars:
Ashenzari
Cheibriados
Dithmenos
Elyvilon
Fedhas
Gozag
Hepliaklqana
Kikubaaqudgha
Makhleb
Nemelex Xobeh
Okawaru
Qazlal
Ru
Sif Muna
Trog
Uskayaw
Vehumet
Xom
Yredelemnul
Zin
The Shining One

Shops:
D:5 }   D:8 }   D:10 *(   D:13 =   Orc:1 }   Orc:2 *[:(   Vaults:2 [
Vaults:3 ?

Portals:
Hell: Lair:6

Annotations:
D:2 1 runed door
D:11 Snorg
Elf:2 3 runed doors


Innate Abilities, Weirdness & Mutations

You do not eat or drink.
Your flesh is vulnerable to fire.
You are immune to poison.
Your flesh is cold resistant. (rC+)
You are immune to negative energy. (rN+++)
You are immune to unholy pain and torment.
You can survive without breathing.
You are in touch with the powers of death.


Message History

2 hell knights and a necromancer come into view.
Ashenzari warns you: A hell knight is wielding a war axe of chopping.
The hell knight shouts! x2
The hell knight misses you.
The necromancer drinks a potion.
The necromancer suddenly seems more resistant.
Found a scroll of identify.
A deep elf elementalist comes into view.
It is wielding a long sword.
The hell knight gestures wildly while chanting.
The hell knight seems to speed up.
The hell knight hits you with a great sword of pain!
* * * LOW HITPOINT WARNING * * *
The deep elf elementalist mumbles some strange words.
The deep elf elementalist seems to speed up.
The hell knight gestures at you while chanting.
The bolt of fire hits the necromancer.
The necromancer resists.
The bolt of fire misses you.
The hell knight points at you and mumbles some strange words.
The bolt of fire hits the necromancer.
The necromancer resists.
The bolt of fire hits you! The fire burns you terribly!
You die...

*********###############
,,,,,,,,,........p.p...#
,,,,,,,,,.......@pp.W..#
*********##########pe..#
,,,,,,,,,,,,,..p.p{....#
**,,,,,,,,,,,##...{.#..#
**,**,,,,,**,*#e##..#..#
,,,**,,,,,**,..,*#..#{.#
,,,,,,,,,,,,,.∆,,...#..#
,,,,**,,,**,∆,∆,.##.#{.#
,,,,**,,,**,,,,..*#.#CC#


You could see 3 hell knights, a deep elf elementalist, a freezing wraith and 2
necromancers.

Vanquished Creatures
  Khufu (Crypt:2)
  the Lernaean hydra (Swamp:4)
  Nikola (Swamp:2)
  3 liches
  4 deep elf master archers (Elf:3)
  2 deep elf blademasters (Elf:3)
  Gastronok (Lair:2)
  4 sphinxes
  An ancient champion (Crypt:3)
  Donald (Spider:2)
  Kirke (Lair:6)
  A storm dragon (D:14)
  A shadow dragon (Vaults:4)
  2 tengu reavers (Vaults:4)
  5 revenants
  2 ghost moths (Spider:4)
  A frost giant (Vaults:4)
  10 deep elf sorcerers
  5 curse skulls
  An orc warlord (Orc:1)
  13 vault wardens
  6 emperor scorpions
  2 fire giants
  6 deep elf elementalists (Elf:3)
  Aizul (Swamp:2)
  A very ugly thing (Vaults:4)
  19 ironheart preservers
  7 entropy weavers
  4 stone giants
  6 vampire knights
  5 deep elf demonologists
  6 deep elf annihilators
  3 spark wasps (Spider:4)
  2 dire elephants (Lair:6)
  Azrael (Spider:1)
  6 eidola
  A fire dragon (Vaults:2)
  2 blizzard demons (IceCv)
  4 ettins
  6 jiangshi
  8 deep elf death magi
  9 yaktaur captains
  9 deep elf high priests
  3 ice dragons
  A great orb of eyes (Vaults:2)
  9 ogre magi
  A rakshasa (Vaults:3)
  26 hydras
  9 centaur warriors
  10 vault guards
  3 death knights
  12 dancing weapons
  An alligator (shapeshifter) (D:14)
  10 alligators
  2 deep troll earth magi (Vaults:2)
  25 two-headed ogres
  3 deep troll shamans
  8 death scarabs (Spider:4)
  A queen ant (Spider:3)
  3 small abominations (Elf:3)
  Urug (Lair:2)
  3 orc high priests
  18 deep elf knights
  5 vampire magi
  2 fire crabs (shapeshifter) (Vaults:1)
  A soul eater (Crypt:3)
  Nergalle (Lair:1)
  37 skeletal warriors
  A spectral anaconda (Crypt:3)
  19 shadow wraiths
  5 hell knights (Vaults:3)
  A sun demon (Lair:6)
  2 unseen horrors (Vaults:1)
  7 flayed ghosts
  13 deep trolls
  5 shambling mangroves
  10 swamp dragons
  30 deep elf archers
  20 phantasmal warriors
  Pikel (D:6)
  7 wizards
  3 wolf spider zombies (Spider:4)
  8 ironbrand convokers
  8 necromancers
  6 orc sorcerers
  6 spectral wolf spiders (Spider:4)
  15 orc knights
  9 orb spiders
  2 oklob plants (Lair:6)
  2 orb spiders (shapeshifter)
  2 shadow dragon skeletons (Crypt:2)
  16 ugly things
  A frost giant zombie (Vaults:2)
  6 cyclopes
  75 deep elf magi
  39 wolf spiders
  3 stone giant zombies
  2 moths of wrath
  3 manticores
  4 human zombies (Vaults:2)
  10 elephants
  A titan simulacrum (Crypt:2)
  19 vault sentinels
  4 centaur zombies
  A smoke demon (Lair:6)
  An ice statue (IceCv)
  2 gargoyles
  3 black mambas
  A torpor snail (Spider:4)
  A stone giant skeleton (Crypt:2)
  2 orange demons (Lair:6)
  2 redback zombies (Spider:4)
  28 spiny frogs
  A dire elephant skeleton (Crypt:1)
  An elephant slug zombie (Crypt:2)
  An emperor scorpion zombie (Crypt:2)
  A spiny frog (shapeshifter) (Vaults:2)
  3 centaur skeletons
  3 spectral redbacks (Spider:4)
  44 yaktaurs
  A catoblepas zombie (Crypt:2)
  A yaktaur (shapeshifter) (Vaults:3)
  9 rime drakes
  8 komodo dragons
  14 freezing wraiths
  7 ice devils
  5 guardian mummies (Crypt:3)
  A catoblepas skeleton (Crypt:2)
  3 anaconda simulacra (IceCv)
  14 demonic crawlers
  3 tengu conjurers
  A polar bear (Lair:6)
  A sea snake skeleton (Crypt:2)
  7 trolls
  A hydra zombie (Crypt:2)
  A hornet (shapeshifter) (Vaults:2)
  4 meliai
  A meliai (shapeshifter) (Elf:3)
  A wolf spider simulacrum (IceCv)
  A queen bee (Lair:5)
  2 wind drakes (shapeshifter) (D:14)
  41 jumping spiders
  2 spectral jumping spiders (Spider:4)
  7 tyrant leeches
  A harpy skeleton (Crypt:3)
  5 spectral tarantellas (Spider:4)
  A shadow dragon simulacrum (Vaults:3)
  2 blink frogs (shapeshifter)
  An ettin zombie (Vaults:2)
  23 hornets
  40 slime creatures
  5 dream sheep (Lair:6)
  2 tarantella zombies (Spider:4)
  3 bog bodies
  26 blink frogs
  A dream sheep (shapeshifter) (Vaults:3)
  A meliai zombie (D:12)
  A slime creature (shapeshifter) (Vaults:3)
  A hydra skeleton (Crypt:2)
  20 flying skulls
  A hippogriff (shapeshifter) (Vaults:3)
  3 jumping spider zombies (Spider:4)
  13 hippogriffs
  3 air elementals
  68 redbacks
  2 spriggans
  An ice dragon skeleton (Crypt:2)
  5 water elementals
  10 shadows
  38 tarantellas
  4 wyverns
  3 dire elephant simulacra (IceCv)
  12 wraiths
  An ettin skeleton (Crypt:2)
  8 fire elementals
  6 basilisks
  Grum (D:11)
  7 hogs
  A human (D:6)
  A steam dragon (D:12)
  12 yaks
  10 hungry ghosts
  23 vampire mosquitoes
  A harpy simulacrum (IceCv)
  2 death yak simulacra (IceCv)
  A deep troll zombie (Vaults:2)
  5 insubstantial wisps (Swamp:4)
  3 iron troll simulacra (IceCv)
  3 wargs
  3 hydra simulacra (IceCv)
  A water nymph zombie (Crypt:1)
  24 soldier ants
  An acid dragon (D:8)
  35 swamp worms
  7 hell hounds
  A monstrous demonspawn skeleton (Crypt:1)
  2 spectral hornets (Spider:4)
  14 water moccasins
  A spectral snapping turtle (Crypt:3)
  53 orc warriors
  15 porcupines
  A spiny frog skeleton (Crypt:2)
  3 black bears
  A hornet zombie (Crypt:3)
  4 ice beasts
  5 sky beasts
  13 swamp drakes
  An eye of draining (D:14)
  2 slaves (D:6)
  An ettin simulacrum (Vaults:3)
  20 ogres
  4 phantoms
  10 wolves
  An alligator simulacrum (IceCv)
  14 boggarts
  14 centaurs
  15 crocodiles
  5 big kobolds
  An elf zombie (Crypt:2)
  17 bullfrogs
  8 earth elementals
  A spiny frog simulacrum (Crypt:2)
  A water moccasin zombie (D:10)
  12 scorpions
  A human simulacrum (Vaults:2)
  A swamp dragon simulacrum (IceCv)
  2 yak zombies
  26 killer bees
  A warg skeleton (Crypt:1)
  A warg zombie (Crypt:3)
  13 wights
  2 howler monkeys
  8 electric eels
  2 bullfrog zombies
  8 crimson imps
  A quasit (D:9)
  4 draconian simulacra (IceCv)
  27 orc priests
  3 bullfrog skeletons
  7 hounds
  7 jellies
  3 iguanas
  29 worker ants
  A polar bear simulacrum (IceCv)
  29 orc wizards
  A hell rat (Lair:6)
  A spriggan simulacrum (IceCv)
  A porcupine skeleton (Crypt:2)
  A killer bee zombie (Crypt:3)
  6 troll simulacra (IceCv)
  A wolf simulacrum (IceCv)
  5 centaur simulacra (IceCv)
  A naga zombie (Crypt:3)
  A hound skeleton (D:7)
  10 mummies
  7 gnolls
  13 adders
  3 naga simulacra (IceCv)
  6 river rats (Lair:6)
  A swamp drake skeleton (Crypt:3)
  2 shadow imps
  3 white imps (IceCv)
  6 ufetubi (IceCv)
  4 oozes
  A worm zombie (Crypt:3)
  3 worms
  A dart slug (D:4)
  4 leopard geckos
  109 orcs
  3 bats
  7 giant cockroaches
  A gnoll zombie (Crypt:1)
  9 goblins
  3 hobgoblins
  12 jackals
  4 quokkas
  5 frilled lizards
  A jackal zombie (D:7)
  23 kobolds
  A kobold skeleton (Crypt:2)
  A leopard gecko skeleton (D:4)
  A quokka skeleton (Crypt:1)
  9 rats
  4 bushes (Elf:2)
  2 crawling corpses (Elf:3)
2111 creatures vanquished.

Vanquished Creatures (collateral kills)
  Margery (Vaults:3)
  A vault warden (Vaults:5)
  A hydra (Lair:1)
  A jumping spider (Spider:2)
  A golden dragon simulacrum (IceCv)
  A redback (Spider:2)
  3 centaurs (D:12)
  A white imp (IceCv)
  An ufetubus (IceCv)
11 creatures vanquished.

Vanquished Creatures (others)
  A hell knight (Vaults:3)
  A deep elf knight (Elf:3)
  An unseen horror (Vaults:1)
  A necromancer (Vaults:3)
  A swamp dragon (Swamp:4)
  An ironbrand convoker (Vaults:4)
  2 deep elf archers
  A deep elf mage (Elf:3)
  A vault sentinel (Vaults:3)
  4 yaktaurs
  A hippogriff (D:14)
  A harpy simulacrum (IceCv)
  An orc warrior (D:13)
  6 centaurs
  A crocodile (Lair:6)
  An orc priest (D:13)
  2 orcs
  A giant cockroach (D:6)
  A bush (Elf:2)
  7 fungi
  15 plants
51 creatures vanquished.

Grand Total: 2173 creatures vanquished

Notes
Turn   | Place    | Note
-------+----------+-------------------------------------------
     0 | D:1      | Zwobot the Mummy Fighter began the quest for the Orb.
     0 | D:1      | Reached XP level 1. HP: 18/18 MP: 1/1
   444 | D:1      | Reached XP level 2. HP: 24/24 MP: 2/2
  1010 | D:2      | Found a runed door.
  1372 | D:1      | Reached XP level 3. HP: 28/29 MP: 3/3
  1783 | D:3      | Reached XP level 4. HP: 27/35 MP: 4/4
  2017 | D:3      | Reached XP level 5. HP: 35/41 MP: 5/5
  2295 | D:4      | Noticed a phantom
  2342 | D:4      | Killed a phantom
  2644 | D:4      | Reached XP level 6. HP: 34/47 MP: 6/6
  3215 | D:5      | Entered Level 5 of the Dungeon
  3357 | D:4      | Reached skill level 5 in Long Blades
  3746 | D:5      | Found Azeajeh's Gadget Emporium.
  3865 | D:5      | Reached XP level 7. HP: 52/52 MP: 7/7
  3993 | D:5      | Reached skill level 1 in Evocations
  4598 | D:5      | Reached XP level 8. HP: 33/58 MP: 9/11
  5133 | D:5      | Got a pitted trident
  5134 | D:5      | Identified the +7 trident of the Desert {venom, Fragile rC++} (You found it on level 5 of the Dungeon)
  5472 | D:6      | Noticed Pikel
  5475 | D:6      | Killed Pikel
  5739 | D:6      | Reached XP level 9. HP: 61/63 MP: 14/14
  5849 | D:6      | Found a blossoming altar of Fedhas.
  6750 | D:6      | Reached skill level 5 in Armour
  6754 | D:6      | Reached skill level 4 in Fighting
  7239 | D:7      | Found a hazy altar of Hepliaklqana.
  7248 | D:7      | Found a staircase to the Ecumenical Temple.
  7258 | Temple   | Entered the Ecumenical Temple
  7404 | Temple   | Became a worshipper of Ashenzari the Shackled
  7965 | D:7      | Reached XP level 10. HP: 57/73 MP: 15/15
  8865 | D:8      | Reached skill level 5 in Fighting
  9029 | D:8      | Noticed a cyan ugly thing
  9032 | D:8      | Killed a cyan ugly thing
  9834 | D:8      | Noticed a two-headed ogre
  9842 | D:8      | Killed a two-headed ogre
  9924 | D:8      | Found Cearch's Gadget Emporium.
 10202 | D:8      | Reached skill level 5 in Shields
 10381 | D:8      | Found a staircase to the Lair.
 10574 | D:9      | Reached skill level 6 in Fighting
 10767 | D:9      | Noticed a two-headed ogre
 10771 | D:9      | Killed a two-headed ogre
 10961 | D:9      | Noticed a gargoyle
 10970 | D:9      | Killed a gargoyle
 10970 | D:9      | Reached XP level 11. HP: 73/82 MP: 16/16
 10998 | D:9      | Found an iron altar of Okawaru.
 10999 | D:9      | Found a sacrificial altar of Ru.
 11019 | D:9      | Found an opulent altar of Gozag.
 11357 | D:10     | Entered Level 10 of the Dungeon
 11421 | D:10     | Found Zeb Risu's Antique Weapon Shop.
 11428 | D:10     | Found a staircase to the Orcish Mines.
 11754 | D:10     | Found Dopnihics's Assorted Antiques.
 11763 | D:10     | Bought a scroll labeled OKHLIU GUHEBERR for 27 gold pieces
 11933 | D:10     | Reached * piety under Ashenzari
 12033 | D:11     | Noticed Grum
 12201 | D:11     | Killed Grum
 12240 | D:11     | Noticed an ettin
 12979 | D:11     | Reached skill level 7 in Fighting
 13213 | D:11     | Noticed a red ugly thing
 13215 | D:11     | Killed a red ugly thing
 13380 | D:11     | Reached ** piety under Ashenzari
 13537 | D:11     | Noticed Snorg
 14372 | D:11     | Reached skill level 10 in Long Blades
 14561 | D:12     | Got the uncursed scale mail of the Rabble {-Cast rElec Int+4}
 14572 | D:12     | Identified the +6 scale mail of the Rabble {-Cast rElec Int+4} (You found it on level 12 of the Dungeon)
 14947 | D:12     | Reached XP level 12. HP: 39/92 MP: 17/17
 15417 | D:12     | Reached skill level 8 in Fighting
 15456 | D:12     | Reached skill level 1 in Dodging
 16381 | D:13     | Found Esuan's Jewellery Shoppe.
 16390 | D:13     | Bought a cursed ring of protection from magic for 330 gold pieces
 16392 | D:13     | Bought an uncursed amulet of regeneration for 450 gold pieces
 16439 | D:13     | Noticed a vault guard
 16645 | D:13     | Noticed a six-headed hydra
 16695 | D:11     | Killed an ettin
 16880 | Lair:1   | Entered Level 1 of the Lair of Beasts
 16882 | Lair:1   | Noticed Nergalle
 16900 | Lair:1   | Killed Nergalle
 17003 | Lair:1   | Noticed a seven-headed hydra
 17007 | Lair:1   | Killed a seven-headed hydra
 17027 | Lair:1   | Reached *** piety under Ashenzari
 17158 | Lair:1   | Found a dark tunnel.
 17165 | Volcano  | Entered a volcano
 17674 | Lair:1   | Noticed a five-headed hydra
 17698 | Lair:1   | Killed a five-headed hydra
 18480 | Lair:2   | Gained mutation: You are in touch with the powers of death. [Mummy growth]
 18480 | Lair:2   | Reached XP level 13. HP: 100/100 MP: 18/18
 18892 | Lair:2   | Noticed Gastronok
 18975 | Lair:2   | Killed Gastronok
 18975 | Lair:2   | Reached skill level 9 in Fighting
 19050 | Lair:2   | Reached **** piety under Ashenzari
 19051 | Lair:2   | Noticed Urug
 19109 | Lair:2   | Killed Urug
 20320 | Lair:3   | Found a hole to the Spider Nest.
 20973 | Lair:4   | Reached ***** piety under Ashenzari
 21372 | Lair:4   | Learned a level 2 spell: Blink
 21375 | Lair:4   | Learned a level 2 spell: Repel Missiles
 21379 | Lair:4   | Learned a level 3 spell: Spectral Weapon
 21381 | Lair:4   | Learned a level 1 spell: Animate Skeleton
 21386 | Lair:4   | Learned a level 4 spell: Animate Dead
 21488 | Lair:4   | Found a staircase to the Swamp.
 22142 | Lair:5   | Reached skill level 5 in Dodging
 22854 | Lair:6   | Entered Level 6 of the Lair of Beasts
 22891 | Lair:6   | Reached XP level 14. HP: 107/109 MP: 19/19
 22896 | Lair:6   | Reached skill level 10 in Fighting
 23162 | Lair:6   | Found a staircase to the Slime Pits.
 23621 | Orc:1    | Entered Level 1 of the Orcish Mines
 23633 | Orc:1    | Found Lics's Gadget Shop.
 23786 | Orc:1    | Bought a wand of confusion (19/48) for 251 gold pieces
 24075 | Orc:2    | Entered Level 2 of the Orcish Mines
 24552 | Orc:2    | Noticed an orc warlord
 24738 | Orc:2    | Found a staircase to the Elven Halls.
 24935 | Orc:1    | Killed an orc warlord
 25451 | Orc:2    | Found Yjiwum's Antique Armour Shop.
 25452 | Orc:2    | Found Dealy's Antique Weapon Boutique.
 25453 | Orc:2    | Found Cuter Buh's General Store.
 25453 | Orc:2    | Found Mujono's Book Shop.
 25488 | Orc:2    | Bought a crystal falchion for 248 gold pieces
 25488 | Orc:2    | Identified the +3 falchion of the Jester {drain, rElec rPois Str+3} (You bought it in a shop on level 2 of the Orcish Mines)
 25497 | Orc:2    | Bought a scroll of teleportation for 39 gold pieces
 25497 | Orc:2    | Bought a scroll of remove curse for 39 gold pieces
 25497 | Orc:2    | Bought a scroll of teleportation for 39 gold pieces
 25702 | D:10     | Bought a scroll of blinking for 202 gold pieces
 25702 | D:10     | Bought a glowing falchion for 243 gold pieces
 25955 | Spider:1 | Entered Level 1 of the Spider Nest
 26013 | Spider:1 | Reached skill level 1 in Spellcasting
 27029 | Spider:1 | Noticed Azrael
 27048 | Spider:1 | Reached skill level 10 in Armour
 27099 | Spider:1 | Killed Azrael
 27099 | Spider:1 | Reached skill level 11 in Fighting
 27254 | Spider:1 | Identified the +2 pair of boots "Hidiodymp" {-Cast *Corrode rPois MP+9}
 27483 | Spider:1 | Reached XP level 15. HP: 112/118 MP: 20/20
 27892 | Lair:6   | Reached ****** piety under Ashenzari
 28115 | Lair:6   | Noticed Kirke
 28227 | Lair:6   | Killed Kirke
 28447 | Lair:6   | Reached skill level 10 in Shields
 28743 | Lair:6   | Reached skill level 1 in Translocations
 29090 | Lair:6   | Found a burning altar of Makhleb.
 29548 | Lair:6   | Found a gateway to Hell.
 29877 | Spider:2 | Learned a level 1 spell: Apportation
 30112 | Spider:2 | Identified a scroll of acquirement
 30154 | Spider:2 | Noticed Donald
 30185 | Spider:2 | Killed Donald
 31186 | Spider:3 | Identified the +1 cloak "Foegysch" {+Blink MR- Str+3 SInv}
 31502 | Spider:2 | Reached skill level 12 in Fighting
 32065 | Spider:3 | Reached XP level 16. HP: 127/127 MP: 21/21
 33100 | Spider:4 | Entered Level 4 of the Spider Nest
 33616 | Spider:4 | Reached skill level 13 in Fighting
 35464 | Spider:4 | Reached skill level 14 in Fighting
 35541 | Spider:4 | Reached XP level 17. HP: 48/139 MP: 22/22
 36029 | Spider:4 | Got a gossamer rune of Zot
 36375 | Swamp:1  | Entered Level 1 of the Swamp
 36835 | Swamp:1  | Identified the cursed ring of Roumaeh {*Drain rF+ rC+ rN+ Slay-2}
 37330 | Swamp:2  | Noticed Nikola
 37367 | Swamp:2  | Killed Nikola
 37451 | Swamp:2  | Found a hide-covered altar of Uskayaw.
 37524 | Swamp:2  | Reached skill level 15 in Fighting
 37533 | Swamp:2  | Noticed Aizul
 37559 | Swamp:2  | Killed Aizul
 38450 | Swamp:3  | Reached skill level 10 in Dodging
 39114 | Swamp:4  | Entered Level 4 of the Swamp
 39249 | Swamp:4  | Noticed the 27-headed Lernaean hydra
 39260 | Swamp:4  | Killed the 27-headed Lernaean hydra
 39503 | Swamp:4  | Found a frozen archway.
 39512 | IceCv    | Entered an ice cave
 40715 | IceCv    | Reached skill level 16 in Fighting
 40772 | IceCv    | Reached XP level 18. HP: 151/151 MP: 23/23
 41178 | Swamp:4  | Got a decaying rune of Zot
 42111 | D:13     | Found a gate to the Vaults.
 42281 | D:13     | Learned a level 3 spell: Conjure Flame
 42286 | D:13     | Learned a level 4 spell: Control Undead
 43607 | D:14     | Identified the cursed +0 arbalest "Aciegi" {flame, rF+ MR+ Dex+2}
 43770 | D:15     | Entered Level 15 of the Dungeon
 43914 | D:15     | Reached skill level 17 in Fighting
 43918 | D:15     | Found a staircase to the Depths.
 44669 | Vaults:1 | Entered Level 1 of the Vaults
 45735 | Vaults:1 | Reached XP level 19. HP: 156/162 MP: 24/24
 46374 | Vaults:1 | Reached skill level 18 in Fighting
 48149 | Vaults:2 | Reached skill level 19 in Fighting
 48218 | Vaults:2 | Found Siluicai's Armour Shop.
 49047 | Vaults:3 | Reached XP level 20. HP: 174/174 MP: 25/25
 49134 | Vaults:3 | Found a staircase to the Crypt.
 49629 | Vaults:3 | Noticed Margery
 49649 | Vaults:3 | Killed Margery
 50039 | Vaults:3 | Reached skill level 15 in Dodging
 50462 | Vaults:3 | Reached skill level 20 in Fighting
 50469 | Vaults:3 | Found Noent's Magic Scroll Emporium.
 50559 | Vaults:3 | Identified the +4 scale mail "Oturi" {rF+ Dex+3}
 51503 | Vaults:4 | Identified the +2 ring mail "Ticuch" {Regen+}
 52163 | Vaults:4 | Reached XP level 21. HP: 184/184 MP: 26/26
 52443 | Vaults:4 | Reached skill level 21 in Fighting
 53226 | Crypt:1  | Entered Level 1 of the Crypt
 54104 | Crypt:2  | Paralysed by a vampire knight for 5 turns
 54327 | Crypt:2  | Reached skill level 22 in Fighting
 54992 | Crypt:2  | Noticed Khufu
 55263 | Crypt:2  | Killed Khufu
 55576 | Crypt:3  | Entered Level 3 of the Crypt
 55931 | Crypt:3  | Reached skill level 23 in Fighting
 56089 | Crypt:3  | Reached XP level 22. HP: 183/200 MP: 27/27
 56185 | Crypt:3  | Found an ancient bone altar of Kikubaaqudgha.
 56528 | Crypt:3  | Identified the +9 ring mail of Free Expression {rF+++ rC- Dex+5 Slay-5}
 56737 | Crypt:3  | Identified the cursed +1 crystal plate armour "Joip Kugh" {rPois MR+ Int+3}
 56770 | Crypt:3  | Identified the Collected Works on Evil
 56845 | Crypt:3  | Reached skill level 5 in Translocations
 56874 | Crypt:3  | Reached skill level 5 in Spellcasting
 57209 | Crypt:3  | Found a staircase to the Tomb.
 57459 | Vaults:1 | Reached skill level 1 in Hexes
 57610 | Elf:1    | Entered Level 1 of the Elven Halls
 57630 | Elf:1    | Reached skill level 1 in Charms
 58989 | Elf:2    | Identified the +1 chain mail of the Distant Future {rElec rPois rN++ Slay+3}
 59312 | Elf:2    | Cast into level 3 of the Abyss (battleaxe of distortion)
 59332 | Elf:2    | Escaped the Abyss
 59416 | Elf:2    | Found a huge runed gate.
 59416 | Elf:2    | Found a huge runed gate.
 59416 | Elf:2    | Found a huge runed gate.
 59545 | Elf:3    | Entered Level 3 of the Elven Halls
 59584 | Elf:3    | Reached skill level 5 in Hexes
 60061 | Elf:3    | Reached skill level 5 in Charms
 60815 | Elf:3    | Identified the +1 falchion "Lucuq" {flame, -Tele +Fly MR++ Int+4} (You took it off a deep elf sorcerer on level 3 of the Elven Halls)
 60857 | Elf:3    | Reached XP level 23. HP: 158/206 MP: 33/33
 60878 | Elf:3    | Identified the cursed +3 trident of Woggoipn {pierce, *Corrode rC++} (You took it off a deep elf high priest on level 3 of the Elven Halls)
 61262 | Elf:3    | Identified the +2 robe of the Final Deaths {rN+} (You took it off a deep elf demonologist on level 3 of the Elven Halls)
 61286 | Elf:3    | Identified the ring of Rampopne {Dex+6 Stlth+} (You took it off a deep elf high priest on level 3 of the Elven Halls)
 61286 | Elf:3    | Identified the +8 war axe of the Kidney {venom, rElec rPois rF- Int+10} (You took it off a deep elf high priest on level 3 of the Elven Halls)
 61293 | Elf:3    | Identified the +8 war axe of Qylakhluh {freeze, Str+5 SInv} (You took it off a deep elf high priest on level 3 of the Elven Halls)
 61888 | Elf:3    | Learned a level 8 spell: Controlled Blink
 61897 | Elf:3    | Learned a level 8 spell: Disjunction
 62912 | Elf:1    | Reached skill level 1 in Air Magic
 63234 | Vaults:5 | Entered Level 5 of the Vaults
 63332 | Vaults:5 | Killed from afar by a hell knight

Vault maps used:
D:1:      ncdulo_smallfort, minmay_surrounded
D:2:      uniq_crazy_yiuf_cottage
D:4:      solitary_fountain
D:5:      first_bread, serial_shops, kennysheep_mini, abandoned_shop,
          eino_tiny_chamber
D:6:      kennysheep_little_box, minmay_tree_intersection, uniq_pikel
D:7:      overflow_temple_1_default, grunt_livestock, hangedman_minor_gate_pass
D:8:      erik_lair_dragon, serial_shops, nicolae_shop_window_shopping,
          kennysheep_generic_room_6
D:9:      grunt_temple_overflow_open
D:10:     orc_0_dummy, serial_shops, nicolae_shop_overgrown_old_shop, shop
D:11:     kennysheep_island_fort, uniq_snorg, uniq_grum
D:13:     grunt_vaults_entry_fortified, serial_shops, nicolae_shop_behind_doors,
          hangedman_decor_diamond_cutter
D:14:     kennysheep_four_of_diamonds, minmay_splitting_lines,
          kennysheep_generic_room_3
D:15:     grunt_enter_depths_snipers, minmay_misc_feat_encased
Temple:   nicolae_temple_elliptical
Lair:1:   enter_volcano_2, uniq_nergalle
Lair:2:   uniq_gastronok, uniq_urug
Lair:3:   spider_nest_entry_funnel_web, beast_lair_carwin_7, grunt_megastairs_2
Lair:4:   nicolae_swamp_entry_splash_gauntlet, special_room
Lair:6:   evil_forest, nicolae_slime_entry_slimehenge,
          kennysheep_abandoned_house, minmay_lair_oklob_chamber,
          grunt_megastairs_5, uniq_kirke
Swamp:1:  evilmike_swamp_ruin_house_5, swamp_pool3
Swamp:2:  basic_altar, uniq_aizul, uniq_nikola
Swamp:3:  evilmike_swamp_ruin_house_3
Swamp:4:  swamp, portal_ice_cave_entry_pillars_four,
          nicolae_swamp_hydra_murder_den
Spider:1: uniq_azrael
Spider:2: uniq_donald
Spider:3: spiders_nest_scorpion_pit, spider_trap, zaba_antful_of_joy
Spider:4: floodkiller_spider_rune_tomb
Orc:1:    serial_shops, shop
Orc:2:    st_orc_congregation, nicolae_orc_bridge_out
Elf:1:    eino_elf_arrival_the_gate, minivault_28
Elf:2:    hangedman_elven_pyramids, serial_sigils_hangedman_quiver,
          basic_stair_grate_trap
Elf:3:    minmay_elf_hall_not_hex, basic_stair_grate_trap,
          roderic_lattice_octagonal_star
Vaults:1: nicolae_vaults_shelves_hall, nicolae_vaults_asterisk,
          ontoclasm_vaults_claustrophobia, nicolae_vaults_rhombus_6, v_misc_16,
          v_pattern_1, ontoclasm_vaults_gateway, ontoclasm_vaults_ring_small,
          ontoclasm_vaults_ligature, vaults_room_hallway, vaults_room_fours,
          ontoclasm_vaults_eye, nicolae_vaults_yaktaur_gun_rack,
          grunt_vaults_funnel
Vaults:2: ontoclasm_vaults_ring_small, nicolae_vaults_network_barrier,
          v_pattern_4, ontoclasm_vaults_ring_small,
          nicolae_vaults_network_square, hangedman_vaults_slither,
          nicolae_vaults_network_s, v_misc_12, vaults_dpeg_encased_lava,
          v_alt_pattern_1, vaults_room_stairs_pillars, vaults_room_semicircle,
          nicolae_vaults_circle_grid_b, ontoclasm_vaults_hangar, serial_shops,
          shop
Vaults:3: vaults_room_large_hall, hangedman_vaults_locks, vaults_mumra_hex,
          ontoclasm_vaults_hangar, v_alt_pattern_5,
          dpeg_vaults_pockets_of_resistance, v_misc_2, stair_cage_open,
          minmay_crypt_entry_simple_sparse,
          nicolae_vaults_windows_and_doors_thing, v_misc_19,
          ontoclasm_vaults_shuriken, v_rooms_6, ontoclasm_vaults_ring_square,
          serial_shops, nicolae_shop_stone, uniq_margery
Vaults:4: hangedman_vaults_pinch, nicolae_vaults_network_quinsquares,
          nicolae_vaults_little_squares_6, v_misc_28, v_misc_19,
          vaults_room_stairs_pillars, nicolae_vaults_network_periphery,
          vaults_mumra_minichess_inversion, nicolae_vaults_little_squares_4,
          nicolae_vaults_theta, dpeg_vaults_monster_row,
          nicolae_vaults_little_squares_5
Vaults:5: uniq_sojobo
Crypt:1:  st_stairs_12
Crypt:2:  uniq_khufu
Crypt:3:  church_of_pain_bobbens, nicolae_tomb_entry_grand_gallery
Abyss:3:  evilmike_abyss_exit_7, minivault_1
IceCv:    ice_cave_caverns_02
Volcano:  volcano_caves

Skill      XL: |  1  2  3  4  5  6  7  8  9 10 11 12 13 14 15 16 17 18 19 20 21 22 23 |
---------------+----------------------------------------------------------------------+-----
Long Blades    | 2 3 4 5 7 8 10 11 12 13 | 13.3
Armour         | 3 4 5 6 7 8 9 10 11 | 11.1
Evocations     | 4 7 |  7.2
Shields        | 3 5 6 7 8 9 11 12 | 12.5
Fighting       | 4 6 7 8 9 11 12 14 16 17 19 20 23 | 23.1
Dodging        | 3 5 6 8 10 12 14 15 | 15.9
Spellcasting   | 2 7 |  7.0
Translocations | 2 5 |  5.6
Hexes          | 7 8 |  8.6
Charms         | 6 7 |  7.5
Air Magic      | 2 |  2.8

Action                   |  1- 3 |  4- 6 |  7- 9 | 10-12 | 13-15 | 16-18 | 19-21 | 22-24 || total
-------------------------+-------+-------+-------+-------+-------+-------+-------+-------++-------
Melee: Long sword        |   134 |   236 |   129 |       |       |       |       |       ||   499
       Trident           |       |       |   154 |       |       |       |       |       ||   154
       Scimitar          |       |       |    47 |  1153 |  2093 |  2148 |       |       ||  5441
       Falchion          |       |       |       |       |    35 |       |       |       ||    35
       Demon blade       |       |       |       |       |       |   594 |  2659 |  1272 ||  4525
Throw: Tomahawk          |       |       |       |       |    12 |     2 |       |     2 ||    16
       Throwing net      |       |       |       |       |     1 |       |       |       ||     1
 Cast: Repel Missiles    |       |       |       |       |       |       |       |     4 ||     4
       Spectral Weapon   |       |       |       |       |       |       |       |     1 ||     1
Invok: Curse Item        |       |       |     5 |       |     6 |       |     1 |     2 ||    14
 Abil: Evoke Flight      |       |       |       |       |       |    19 |       |       ||    19
Evoke: Wand              |       |     1 |     8 |    33 |    46 |    32 |     8 |     5 ||   133
       Box of beasts     |       |       |       |     2 |       |       |       |       ||     2
       Fan of gales      |       |       |       |       |     2 |       |       |     1 ||     3
       Sack of spiders   |       |       |       |       |       |     1 |       |       ||     1
       Phial of floods   |       |       |       |       |       |     1 |     2 |     2 ||     5
       Phantom mirror    |       |       |       |       |       |       |       |     1 ||     1
  Use: Scroll            |     5 |     3 |     4 |    10 |    18 |    14 |     6 |     6 ||    66
 Stab: Paralysed         |       |       |       |    48 |    14 |    15 |       |       ||    77
       Distracted        |       |       |       |     1 |       |       |     2 |       ||     3
       Held in net/web   |       |       |       |       |     1 |     1 |       |       ||     2
       Confused          |       |       |       |       |    10 |     5 |       |       ||    15
Armor: Scale mail        |    58 |    90 |   129 |    84 |   238 |       |       |       ||   599
       Plate armour      |       |       |       |   119 |   748 |  1276 |   722 |   204 ||  3069
       Acid dragon scale |       |       |       |   179 |       |       |       |       ||   179
       Crystal plate arm |       |       |       |       |       |       |       |    35 ||    35
Dodge: Dodged            |    41 |    47 |    81 |   229 |   693 |   988 |   837 |   327 ||  3243
       Deflected         |       |       |       |       |       |       |       |    15 ||    15
Block: Shield            |    80 |   129 |   235 |   720 |  1364 |  1702 |  1211 |   466 ||  5907
       Reflection        |       |       |    11 |    19 |       |    34 |    63 |    69 ||   196
       Rpst.: Long sword |    14 |    15 |    12 |       |       |       |       |       ||    41
       Scimitar          |       |       |     3 |    69 |   171 |   155 |       |       ||   398
       Falchion          |       |       |       |       |     2 |       |       |       ||     2
       Demon blade       |       |       |       |       |       |    31 |   190 |    99 ||   320
